Map: Sanctuaires de Lizul

Players

kardeyy - Winner!

  • Race: Terran Terran
  • League: Platinum

FilipR - Winner!

  • Race: Protoss Protoss
  • League: Silver

Milos

  • Race: Protoss Protoss
  • League: Gold

JoomaaniiX

  • Race: Terran Terran
  • League: Gold

VOD

Have the link to the VOD?

Description

Time

  • Played on: Aug. 5, 2016, 5:57 p.m.
  • Length: 16:37
Show
View Real Time Build Order
Export as new Build Order

kardeyy Terran - Winner!

Build Orders: MMM Bio 

Get SALT Encoding   

  12  0:01  SCV  
  13  0:17  Supply Depot  
  13  0:18  SCV  
  14  0:30  SCV  
  15  0:42  Barracks  
  15  0:45  SCV  
  16  0:56  Refinery  
  16  0:57  SCV  
  17  1:10  SCV  
  18  1:22  SCV  
  19  1:31  Supply Depot  
  19  1:35  Orbital Command  
  19  1:39  Barracks Reactor  
  19  1:51  Refinery  
  19  2:06  Command Center  
  19  2:21  Factory  
  19  2:40  Barracks Tech Lab  
  19  2:43  Barracks  
  19  2:51  SCV  
  20  3:05  SCV  
  21  3:11  Barracks Tech Lab  
  21  3:14  Siege Tank  
  24  3:28  SCV  
  24  3:29  Orbital Command  
  24  3:31  Marine x2  
  24  3:34  Marine  
  27  3:36  Stimpack  
  27  3:40  SCV  
  29  3:46  Siege Tank  
  32  3:49  Marine x2  
  34  4:00  Marine  
  34  4:02  SCV  
  36  4:06  Orbital Command  
  36  4:07  Starport  
  35  4:22  Marine x2  
  35  4:23  Marine  
  38  4:24  Siege Tank  
  41  4:36  SCV x2  
  43  4:41  Marine x2  
  43  4:42  Marine  
  43  4:44  Starport Reactor  
  46  4:46  Barracks  
  46  4:54  Engineering Bay  
  46  4:55  Supply Depot, Engineering Bay  
  46  4:56  SCV  
  46  4:58  Supply Depot  
  46  4:59  Supply Depot  
  46  5:17  Marine x3  
  46  5:18  SCV x2  
  50  5:24  Medivac  
  50  5:25  Medivac  
  54  5:30  SCV  
  54  5:31  Supply Depot  
  54  5:34  SCV  
  54  5:35  Terran Infantry Weapons Level 1, Marine  
  57  5:39  Terran Infantry Armor Level 1  
  58  5:42  SCV  
  58  5:47  Siege Tank  
  58  5:49  SCV  
  62  5:54  SCV  
  63  6:00  Marine  
  63  6:01  Marine x2  
  63  6:03  Barracks Reactor  
  66  6:05  SCV  
  66  6:08  Refinery  
  66  6:09  Medivac  
  66  6:10  Refinery  
  69  6:20  Marine x2  
  69  6:22  SCV x2  
  73  6:31  Marine  
  74  6:38  Marine  
  75  6:51  Marine x3  
  75  6:52  Medivac  
  78  6:57  Supply Depot  
  78  6:58  Supply Depot  
  78  7:15  Supply Depot x2  
  78  7:17  Supply Depot  
  78  7:18  Supply Depot  
  78  7:19  Marine x2, SCV x2, Medivac  
  84  7:27  Marine x3  
  84  7:29  Combat Shields  
  87  7:31  SCV  
  87  7:33  SCV  
  87  7:34  Armory  
  87  7:36  Marine x2  
  91  7:44  Marine  
  88  7:57  Marine x4  
  88  8:01  Missile Turret  
  88  8:02  Marine  
  88  8:05  Missile Turret  
  89  8:15  Marine  
  75  8:29  SCV x2  
  75  8:30  Marine  
  75  8:31  Marine x3  
  75  8:32  Marine  
  80  8:41  SCV  
  80  8:42  SCV  
  79  8:48  Marine x2  
  79  8:49  Marine  
  80  8:57  Marine x2  
  78  9:04  Terran Infantry Armor Level 2, Terran Infantry Weapons Level 2  
  78  9:06  Marine x2  
  78  9:07  Medivac x2  
  78  9:08  SCV x2  
  85  9:21  SCV x2  
  86  9:25  Marine x2  
  86  9:26  Marine x3  
  86  9:29  Siege Tank  
  94  9:43  Marine x4  
  94  9:44  Marine  
  94  9:45  SCV x2  
  97  10:01  Marine x3  
  96  10:31  Marine x5  
  100  10:48  Marine x2  
  100  10:49  Marine x3  
  96  10:58  Command Center  
  92  11:06  Marine x3  
  87  11:14  Marine x2  
  89  11:24  Marine x3  
  92  11:32  Marine x2  
  94  11:36  Medivac x2  
  98  11:42  Marine x3  
  101  11:50  Barracks  
  101  12:06  Medivac x2  
  105  12:10  Orbital Command  
  105  12:29  Marine x5  
  110  12:47  Marine  
  102  12:55  Marine x2  
  102  12:56  Marine x3  
  107  13:04  Marine  
  108  13:09  Medivac  
  108  13:10  Medivac  
  108  13:11  Terran Infantry Weapons Level 3, Terran Infantry Armor Level 3  
  112  13:13  Marine x3  
  112  13:14  Marine  
  112  13:15  SCV x3  
  112  13:17  Marine  
  120  13:27  SCV  
  120  13:35  Marine x3  
  120  13:37  Marine  
  123  13:43  SCV x3  
  123  13:44  Marine x2  
  125  13:53  Marine x3  
  125  13:55  SCV  
  125  14:02  Marine x2  
  121  14:03  Marine  
  121  14:11  Marine x2  
  119  14:26  Marine x4  
  119  14:28  Marine  
  119  14:29  Marine  
  125  14:44  Marine x3  
  127  14:53  Marine x3  
  127  14:55  Siege Tank  
  133  15:02  Marine x3  
  136  15:11  Marine x3  
  134  15:19  Marine x2  
  134  15:20  Marine  
  136  15:29  Marine x2  
  136  15:34  Marine  
  139  15:36  SCV x2  
  139  15:37  SCV  
  139  15:38  Marine  
  141  16:16  Supply Depot x2  
  141  16:20  Supply Depot  
Show
View Real Time Build Order
Export as new Build Order

FilipR Protoss - Winner!

Build Orders:  

Get SALT Encoding   

  12  0:01  Probe (Chrono Boost)  
  13  0:11  Probe (Chrono Boost)  
  14  0:22  Probe (Chrono Boost), Pylon  
  15  0:40  Probe (Chrono Boost)  
  16  0:43  Gateway  
  16  0:47  Assimilator  
  16  0:50  Probe (Chrono Boost)  
  17  1:01  Probe (Chrono Boost)  
  18  1:12  Probe (Chrono Boost)  
  19  1:21  Pylon  
  19  1:22  Probe (Chrono Boost)  
  20  1:30  Cybernetics Core  
  21  1:33  Probe (Chrono Boost)  
  21  1:37  Cybernetics Core  
  21  1:41  Gateway  
  21  1:43  Probe (Chrono Boost)  
  21  1:46  Assimilator  
  18  2:13  Mothership Core (Chrono Boost)  
  20  2:31  Probe (Chrono Boost)  
  21  2:49  Probe (Chrono Boost)  
  22  3:00  Probe (Chrono Boost)  
  22  3:10  Probe (Chrono Boost)  
  23  3:14  Pylon  
  21  3:30  Probe (Chrono Boost)  
Show
View Real Time Build Order
Export as new Build Order

Milos Protoss 

Build Orders:  

Get SALT Encoding   

  12  0:17  Pylon  
  12  0:19  Probe (Chrono Boost)  
  13  0:37  Forge  
  12  0:49  Probe (Chrono Boost)  
  13  0:54  Gateway  
  13  1:00  Probe (Chrono Boost)  
  14  1:10  Pylon  
  14  1:13  Probe (Chrono Boost)  
  14  1:17  Assimilator  
  15  1:30  Photon Cannon  
  15  1:31  Photon Cannon  
  15  1:39  Pylon  
  15  1:50  Probe (Chrono Boost)  
  16  2:00  Probe (Chrono Boost)  
  17  2:04  Photon Cannon  
  17  2:06  Photon Cannon  
  17  2:20  Photon Cannon  
  17  2:29  Photon Cannon  
  17  2:54  Photon Cannon  
  17  2:55  Photon Cannon  
  17  3:02  Photon Cannon  
  17  3:20  Pylon  
  17  3:31  Pylon  
  17  3:48  Probe (Chrono Boost)  
  18  3:54  Assimilator  
  18  3:56  Gateway  
  18  3:58  Assimilator  
  18  3:59  Probe (Chrono Boost)  
  19  4:09  Probe (Chrono Boost)  
  20  4:26  Gateway  
  20  4:28  Gateway  
  20  4:37  Probe (Chrono Boost)  
  21  4:47  Probe (Chrono Boost)  
  21  4:51  Nexus  
  22  4:58  Probe (Chrono Boost)  
  23  5:00  Cybernetics Core  
  23  5:08  Probe (Chrono Boost)  
  24  5:22  Warp Gate  
  24  5:27  Zealot x2  
  30  5:44  Mothership Core (Chrono Boost)  
  30  5:51  Pylon  
  30  5:57  Assimilator  
  30  6:09  Pylon  
  30  6:11  Pylon  
  30  6:22  Probe (Chrono Boost)  
  31  6:26  Stargate  
  31  6:27  Stargate  
  31  6:48  Pylon  
  31  6:50  Pylon  
  31  7:03  Nexus  
  31  7:10  Oracle  
  31  7:13  Oracle  
  37  7:58  Oracle  
  37  7:59  Oracle  
  37  8:01  Stalker  
  40  8:43  Probe (Chrono Boost)  
  40  8:55  Probe (Chrono Boost)  
  41  9:07  Probe (Chrono Boost)  
  42  9:18  Void Ray x2  
  42  9:19  Probe (Chrono Boost)  
  49  9:31  Probe (Chrono Boost)  
  49  9:32  Assimilator  
  49  9:35  Assimilator  
  49  9:39  Pylon  
  49  9:40  Pylon  
  49  9:43  Assimilator, Probe (Chrono Boost)  
  50  9:47  Pylon  
  50  9:50  Pylon  
  50  9:53  Adept  
  50  9:55  Probe (Chrono Boost)  
  53  10:06  Gateway  
  54  10:07  Probe (Chrono Boost)  
  54  10:08  Gateway  
  54  10:19  Probe (Chrono Boost)  
  37  10:58  Oracle x2  
  43  11:05  Adept  
  43  11:07  Adept x2  
  49  11:15  Pylon  
  49  11:17  Pylon  
  49  11:21  Gateway x2  
  49  11:26  Twilight Council  
  49  11:30  Adept x3  
  55  11:35  Photon Cannon  
  55  11:36  Photon Cannon  
  55  11:38  Oracle  
  58  11:52  Sentry x3  
  64  12:04  Oracle  
  67  12:19  Mothership Core (Chrono Boost)  
  69  12:28  Dark Shrine  
  69  12:30  Oracle  
  72  12:37  Adept x3  
  55  13:04  Sentry x2  
  59  13:14  Sentry  
  58  13:35  Adept x2  
  62  13:48  Dark Templar  
  57  13:59  Dark Templar  
  57  14:01  Dark Templar  
  44  14:10  Probe (Chrono Boost)  
  40  14:21  Probe (Chrono Boost)  
  40  14:22  Dark Shrine  
  33  14:25  Cybernetics Core  
  33  14:27  Pylon  
  30  14:31  Probe (Chrono Boost)  
  30  14:38  Zealot x2  
  30  14:39  Zealot x2  
  30  14:42  Probe (Chrono Boost)  
  39  14:52  Probe (Chrono Boost)  
  40  15:03  Adept x3  
  40  15:04  Adept, Probe (Chrono Boost)  
  41  15:22  Dark Shrine  
  17  15:38  Gateway  
  17  15:42  Gateway  
  17  15:43  Gateway  
  17  15:46  Gateway  
  17  16:01  Pylon  
  17  16:04  Pylon  
  17  16:09  Gateway  
  17  16:19  Cybernetics Core  
Show
View Real Time Build Order
Export as new Build Order

JoomaaniiX Terran 

Build Orders: MMM Bio 

Get SALT Encoding   

  12  0:01  SCV  
  13  0:14  SCV  
  14  0:18  Supply Depot  
  14  0:28  SCV  
  15  0:42  SCV  
  16  0:44  Barracks  
  16  0:49  Refinery  
  16  0:54  SCV  
  17  1:06  SCV  
  18  1:18  SCV  
  19  1:39  Supply Depot  
  19  1:40  Reaper  
  20  1:52  Barracks  
  20  1:54  Refinery  
  20  1:55  Barracks  
  20  2:07  Orbital Command  
  20  2:16  Reaper  
  21  2:49  Reaper  
  21  2:50  Reaper x2  
  24  2:59  SCV  
  25  3:16  SCV  
  26  3:20  Supply Depot  
  26  3:27  Factory  
  26  3:50  Reaper x2  
  26  3:51  Reaper  
  29  4:00  SCV  
  30  4:12  SCV  
  28  4:27  Factory Tech Lab  
  28  4:36  Command Center  
  28  4:40  Marine x2, Starport  
  28  4:44  Barracks Tech Lab  
  30  4:49  Siege Tank  
  33  5:10  Liberator  
  31  5:25  Siege Tank  
  37  5:30  Combat Shields  
  37  5:31  Barracks Tech Lab  
  37  5:38  Barracks Reactor  
  37  5:41  SCV  
  38  5:50  Engineering Bay  
  38  5:53  Engineering Bay  
  38  5:56  Supply Depot  
  38  5:58  Marine x2  
  40  6:13  Stimpack  
  40  6:15  Medivac, Marine  
  43  6:20  SCV  
  43  6:22  Orbital Command  
  43  6:23  Barracks  
  43  6:24  Barracks  
  39  6:51  Marine x4  
  40  6:57  Terran Infantry Weapons Level 1  
  40  6:58  Terran Infantry Armor Level 1  
  40  7:01  SCV x2  
  42  7:04  Refinery  
  42  7:12  Supply Depot  
  42  7:13  SCV  
  42  7:14  SCV  
  44  7:19  Barracks Reactor, Armory  
  44  7:23  Barracks Reactor  
  44  7:26  SCV x2  
  46  8:06  Marine  
  46  8:07  Marine x7  
  46  8:08  Siege Tank  
  57  8:16  Medivac  
  57  8:18  SCV x2  
  61  8:23  Supply Depot  
  61  8:29  Liberator  
  61  8:32  Barracks  
  61  8:33  Barracks  
  61  8:35  Supply Depot, Barracks  
  61  8:47  Siege Tank  
  67  8:55  SCV x2  
  65  8:59  Refinery  
  65  9:01  Factory  
  64  9:03  Supply Depot  
  64  9:07  SCV x2  
  48  9:59  Marine x8  
  56  10:01  Siege Tank  
  58  10:16  Marine  
  58  10:17  Marine x7  
  46  10:33  Siege Tank  
  46  10:34  Marine x3  
  46  10:35  Marine x4  
  57  10:36  Marine  
  42  10:52  Marine x5  
  1  11:52  Orbital Command  
  1  12:37  SCV  
  1  12:42  Command Center  
  2  12:49  SCV  
  3  13:01  SCV  
  4  13:13  SCV  
  5  13:24  Command Center  
  5  13:25  SCV  
  6  13:37  SCV, Supply Depot  
  7  13:41  Refinery  
  7  13:42  Refinery  
  7  13:50  SCV  
  8  14:02  SCV  
  9  14:03  Barracks  
  9  14:06  Marine x3  
  12  14:14  SCV  
  13  14:23  Marine  
  13  14:24  Marine x2  
  15  14:26  SCV  
  17  14:35  Factory  
  17  14:38  SCV  
  18  14:41  Marine x3  
  21  14:50  SCV  
  18  15:02  SCV  
Tags
 
Add a new tag
Caveats
  • Supply blocks, unpowered buildings, or Contaminate may cause inaccurate times.
  • Supply counts are checked every 10 seconds.